 Dungeon Crawl Stone Soup version 0.23.2-40-g277498a001 (webtiles) character file.

Game seed: 9962586318820830467

493 FishyPogo the Changer (level 6, -4/47 HPs)
             Began as a Draconian Transmuter on Aug 15, 2019.
             Was an Initiate of Sif Muna.
             Killed by divine providence
             ... invoked by an orc priest
              (13 damage)
             ... on level 4 of the Dungeon.
             The game lasted 00:15:42 (4223 turns).

FishyPogo the Changer (Draconian Transmuter)        Turns: 4223, Time: 00:15:42

Health: -4/47      AC:  2    Str: 12    XL:     6   Next: 92%
Magic:  10/10      EV: 22    Int: 13    God:    Sif Muna [......]
Gold:   221        SH:  0    Dex: 21    Spells: 5/11 levels left

rFire    . . .     SeeInvis .     - Unarmed
rCold    . . .     Gourm    .   (shield currently unavailable)
rNeg     . . .     Faith    .   (armour unavailable)
rPois    x         Spirit   .   (helmet currently unavailable)
rElec    .         Reflect  .   (cloak currently unavailable)
rCorr    .         Harm     .   (gloves currently unavailable)
MR       .....                  (boots currently unavailable)
Stlth    +.........             l - amulet of magic regeneration
HPRegen  0.15/turn              t - +2 ring of dexterity
MPRegen  0.37/turn              (no ring)

@: confused, spider-form (expiring)
A: tiny, unfitting armour, AC +6
a: End Transformation, Renounce Religion


You were on level 4 of the Dungeon.
You worshipped Sif Muna.
Sif Muna was noncommittal.
You were hungry.
You were a venomous arachnid creature.
You visited 1 branch of the dungeon, and saw 4 of its levels.

You collected 221 gold pieces.

Inventory:

Missiles
 a - 38 arrows
 d - 230 stones (quivered)
Armour
 j - a +2 cloak (melded)
Jewellery
 l - an amulet of magic regeneration (around neck)
 t - a +2 ring of dexterity (left front leg)
Wands
 s - a wand of digging (7)
Scrolls
 b - 2 scrolls of amnesia {unknown}
 e - 5 scrolls of identify {unknown}
 h - a scroll of fog {unknown}
 k - 3 scrolls of teleportation {unknown}
 n - 2 scrolls of remove curse
 o - 2 scrolls of blinking {unknown}
 q - 2 scrolls of magic mapping {unknown}
 r - 2 scrolls of random uselessness {unknown}
Potions
 f - a potion of berserk rage {unknown}
 g - 3 potions of invisibility
 i - 3 potions of mutation {unknown}
 m - 2 potions of heal wounds {unknown}
 p - a potion of resistance {unknown}
 v - a potion of cancellation {unknown}
 x - a potion of degeneration {unknown}
Comestibles
 c - 7 rations
 w - 2 chunks of flesh


   Skills:
 - Level 1.1 Fighting
 * Level 3.8 Dodging
 + Level 3.9 Unarmed Combat
 - Level 3.0 Spellcasting
 * Level 4.1 Transmutations
 + Level 1.0 Poison Magic
 * Level 2.7 Invocations
 + Level 1.1 Evocations


You had 5 spell levels left.
You knew the following spells:

 Your Spells              Type           Power        Failure   Level  Hunger
a - Sticks to Snakes      Tmut           ##......     17%         2    ###....
d - Beastly Appendage     Tmut           ##....       13%         1    #......
e - Spider Form           Tmut/Pois      #.........   45%         3    ###....

Your spell library contained the following spells:

 Spells                   Type           Power        Failure   Level  Hunger
 Ice Form                 Ice/Tmut       #.......     86%         4    #####..
 Blade Hands              Tmut           ##........   89%         5    ######.


Dungeon Overview and Level Annotations

Branches:
Dungeon (4/15)
 Temple: D:4-7

Altars:
Qazlal
Sif Muna


Innate Abilities, Weirdness & Mutations

((Your plain brown scales are hard. (AC +6)))
You cannot fit into any form of body armour.
((You are cold-blooded and may be slowed by cold attacks.))


Message History

You kill the orc priest!
Sif Muna accepts your kill.
Training target 3.0 for Spellcasting reached!
Your Spellcasting skill increases to level 3!
The orc priest hits you from afar with a +0 trident!
* * * LOW HITPOINT WARNING * * *
The orc priest hits you with a +0 trident!
* * * LOW HITPOINT WARNING * * *
Found a stone staircase leading up.
You are confused.
You feel invigorated.
The orc priest looks braver for a moment.
The orc hits you with a +0 hand axe.
* * * LOW HITPOINT WARNING * * *
You barely miss the orc priest.
You are feeling hungry.
The orc priest closely misses you.
The orc priest invokes the aid of Beogh against you.
Beogh smites you!
You die...

..>.><........... . ##
#.#. .....÷........##.
#.# #.#.
.......÷......##. #..
#..(
..............##.##..
###.
...................<
##########.
####...........#...
...........
..................##
####...##
####..........#.#..#
#..###
###.........os..## ##.##
#####..####o...######..#
.## #[..........## ##
####).......########
#....#.###.....)...#
#.####..####.#####..
######.# ##...##..#####.
#......# ###.###...###.
#.o.###### #.# ###.....


You could see an orc priest and an orc.

Vanquished Creatures
  Duvessa (D:4)
  An orc warrior (D:4)
  Dowan (D:4)
  A hound (D:4)
  An orc priest (D:4)
  Terence (D:3)
  A worker ant (D:4)
  7 adders
  2 worms (D:2)
  A dart slug (D:3)
  2 leopard geckos (D:1)
  4 orcs
  3 bats
  10 goblins
  7 hobgoblins
  5 jackals
  A quokka (D:4)
  2 ball pythons
  A jackal skeleton (D:4)
  7 kobolds
  3 rats
62 creatures vanquished.

Notes
Turn   | Place    | Note
-------+----------+-------------------------------------------
     0 | D:1      | FishyPogo the Draconian Transmuter began the quest for the
                  | Orb.
     0 | D:1      | Reached XP level 1. HP: 16/16 MP: 3/3
    46 | D:1      | Reached XP level 2. HP: 19/23 MP: 1/5
   135 | D:1      | Learned a level 2 spell: Sticks to Snakes
  1043 | D:2      | Reached XP level 3. HP: 28/28 MP: 4/6
  1609 | D:2      | Found a stormy altar of Qazlal.
  1692 | D:2      | Reached XP level 4. HP: 17/35 MP: 5/7
  1947 | D:2      | Found a deep blue altar of Sif Muna.
  2070 | D:2      | Reached skill level 3 in Transmutations
  2292 | D:2      | Became a worshipper of Sif Muna the Loreminder
  2650 | D:3      | Noticed Terence
  2682 | D:3      | Killed Terence
  2936 | D:3      | Reached skill level 1 in Invocations
  3150 | D:3      | Reached XP level 5. HP: 40/40 MP: 6/8
  3873 | D:4      | Learned a level 3 spell: Spider Form
  3953 | D:4      | Noticed Duvessa
  3953 | D:4      | Noticed Dowan
  3988 | D:4      | Killed Duvessa
  3988 | D:4      | Reached XP level 6. HP: 25/47 MP: 10/10
  3998 | D:4      | Killed Dowan
  4188 | D:4      | Noticed an orc warrior
  4211 | D:4      | Killed an orc warrior
  4211 | D:4      | Reached skill level 4 in Transmutations
  4211 | D:4      | Reached skill level 1 in Poison Magic
  4211 | D:4      | Reached skill level 1 in Evocations
  4221 | D:4      | HP: 2/47 [orc/+0 hand axe (4)]
  4223 | D:4      | Killed from afar by an orc priest

Skill      XL: |  1  2  3  4  5  6 |
---------------+-------------------+-----
Dodging        | 2 3 |  3.8
Transmutations | 3 4 |  4.1
Invocations    | 1 2 |  2.7
Poison Magic   | 1 |  1.0
Evocations     | 1 |  1.1
Spellcasting   | 3 |  3.0
Fighting       | |  1.1
Unarmed Combat | |  3.9

Action                   |  1- 3 |  4- 6 || total
-------------------------+-------+-------++-------
Melee: Unarmed           |   121 |   128 ||   249
       Tailslap          |    11 |    12 ||    23
       Kick              |     7 |    13 ||    20
       Headbutt          |     6 |     4 ||    10
       Punch             |       |     1 ||     1
Throw: Stone             |    25 |    14 ||    39
 Cast: Beastly Appendage |    19 |    12 ||    31
       Spider Form       |       |     3 ||     3
  Use: Scroll            |     1 |       ||     1
       Potion            |     2 |     2 ||     4
 Stab: Sleeping          |     1 |     1 ||     2
       Invisible         |     1 |       ||     1
  Eat: Chunk             |     3 |     8 ||    11
Armor: Skin              |    24 |    15 ||    39
Dodge: Dodged            |    84 |    64 ||   148
